 Dungeon Crawl Stone Soup version 0.21-a0-618-g6cbd37f (webtiles) character file.

567 Ignishan the Cudgeler (level 7, 0/60 HPs)
             Began as a Purple Draconian Berserker on Dec 23, 2017.
             Was a Believer of Trog.
             Slain by an ogre
             ... wielding a +0 giant spiked club
              (25 damage)
             ... on level 4 of the Dungeon.
             The game lasted 00:45:56 (6407 turns).

Ignishan the Cudgeler (Purple Draconian Berserker)  Turns: 6407, Time: 00:45:57

Health: 0/60       AC:  9    Str: 27    XL:     7   Next: 11%
Magic:  7/7        EV: 13    Int:  7    God:    Trog [**....]
Gold:   185        SH:  0    Dex: 10    Spells: 4/6 levels left

rFire    . . .     SeeInvis .   h - +2 flail (crush)
rCold    . . .     Gourm    .   (no shield)
rNeg     . . .     Faith    .   (armour unavailable)
rPois    +         Spirit   .   (helmet restricted)
rElec    .         Reflect  .   (no cloak)
rCorr    .         Harm     .   k - +1 pair of gloves
MR       +....                  t - +0 pair of boots
Stlth    ++........             (no amulet)
HPRegen  0.20/turn              c - ring of poison resistance
MPRegen  0.10/turn              (no ring)

@: mighty
A: breathe power, unfitting armour, cold-blooded, AC +6
a: Breathe Dispelling Energy, Berserk, Trog's Hand, Burn Spellbooks, Renounce
Religion


You were on level 4 of the Dungeon.
You worshipped Trog.
Trog was pleased with you.
You were not hungry.

You visited 1 branch of the dungeon, and saw 4 of its levels.
You also visited: Sewer and Ossuary.

You collected 185 gold pieces.

Inventory:

Hand Weapons
 a - a +0 mace
 e - a +0 club
 h - a +2 flail of crushing (weapon)
 s - a +0 trident
Missiles
 g - 64 arrows
 o - 4 javelins (quivered)
 p - a steel tomahawk
 E - 6 tomahawks
Armour
 i - a +1 ring mail of cold resistance
 k - a +1 pair of gloves (worn)
 n - a +0 robe
 q - a +0 ring mail
 t - a +0 pair of boots (worn)
Jewellery
 c - a ring of poison resistance (left hand)
Wands
 D - a wand of iceblast (7)
Scrolls
 j - a scroll of remove curse
 l - 4 scrolls of immolation
 y - 2 scrolls of blinking
 A - 2 scrolls of teleportation
Potions
 f - a potion of agility
 r - 5 potions of curing
 u - a potion of heal wounds {unknown}
 w - 2 potions of flight
 x - 2 potions of haste
 z - a potion of cancellation {unknown}
 B - 3 potions of brilliance {unknown}
 C - a potion of invisibility {unknown}
Books
 v - a book of Callings

   Spells                             Type                      Level
   a - Summon Small Mammal            Summoning                    1
   b - Call Imp                       Summoning                    2
   c - Call Canine Familiar           Summoning                    3
   d - Summon Guardian Golem          Hexes/Summoning              3
   e - Summon Lightning Spire         Summoning/Air                4
   f - Summon Ice Beast               Ice/Summoning                4
   Trog disapproves of the use of such an item.
Comestibles
 b - 3 rations


   Skills:
 + Level 4.8 Fighting
 + Level 6.0 Maces & Flails
 + Level 1.8 Throwing
 + Level 3.9 Dodging
 + Level 1.4 Stealth


You had 4 spell levels left.
You knew the following spells:

 Your Spells              Type           Power        Failure   Level  Hunger
a - Call Imp              Summ           #.......     56%         2    ###....


Dungeon Overview and Level Annotations

Branches:
Dungeon (4/15)
 Temple: D:4-7

Altars:
Cheibriados


Innate Abilities, Weirdness & Mutations

You can breathe bolts of dispelling energy.
Your rich purple scales are hard. (AC +6)
You cannot fit into any form of body armour.
You are cold-blooded and may be slowed by cold attacks.


Message History

You throw a javelin. The javelin hits the ogre!
The ogre is moderately wounded.
Throwing (i - inventory. (,) - cycle):
o - 6 javelins (quivered)
Press: ? - help, Shift-Dir - straight line, f/p - ogre
Aim: an ogre, wielding a giant spiked club (moderately wounded)
You throw a javelin. The javelin barely misses the ogre.
Throwing (i - inventory. (,) - cycle):
o - 5 javelins (quivered)
Press: ? - help, Shift-Dir - straight line, f/p - ogre
Aim: an ogre, wielding a giant spiked club (moderately wounded)
You throw a javelin. The javelin hits the ogre.
The ogre is moderately wounded.
The ogre misses you.
You barely miss the ogre.
The ogre is moderately wounded.
The ogre hits you with a giant spiked club!!
Ouch! That really hurt!
You closely miss the ogre.
The ogre is moderately wounded.
The ogre hits you with a giant spiked club!!
You die...

### ######### #..
#.......# #.. #.......#
#.. #)......# #..
##########.......#######>.
..(..(..O@.......††.......
##########.......#########
#######.... # #....# #
#....# # .....# ## ......
##≈ .....## #_≈ ##≈


You could see an ogre.

Vanquished Creatures
  An ogre (D:3)
  A big kobold (Sewer)
  3 water moccasin zombies (Ossuary)
  Jessica (D:2)
  A worker ant (D:4)
  A big kobold zombie (Ossuary)
  2 mummies (Ossuary)
  2 adders (D:3)
  A river rat (Sewer)
  5 adder zombies (Ossuary)
  3 worms
  4 dart slugs
  A leopard gecko (D:3)
  4 orcs (D:2)
  3 ball pythons (D:3)
  4 bats
  3 giant cockroaches
  5 gnoll zombies (Ossuary)
  11 goblins
  8 hobgoblins
  4 jackals
  11 kobolds
  A quokka (D:2)
  5 frilled lizards
  5 hobgoblin zombies (Ossuary)
  5 kobold zombies (Ossuary)
  7 orc zombies (Ossuary)
  11 rats
113 creatures vanquished.

Notes
Turn   | Place    | Note
-------+----------+-------------------------------------------
     0 | D:1      | Ignishan the Draconian Berserker began the quest for the Orb.
     0 | D:1      | Reached XP level 1. HP: 19/19 MP: 1/1
   602 | D:1      | Reached XP level 2. HP: 26/26 MP: 2/2
  1981 | D:2      | Noticed Jessica
  1988 | D:2      | Killed Jessica
  1988 | D:2      | Reached XP level 3. HP: 23/33 MP: 3/3
  2196 | D:2      | Reached XP level 4. HP: 31/40 MP: 4/4
  2374 | D:2      | Reached ** piety under Trog
  2432 | D:2      | Upgraded the game from 0.21-a0-615-g8e08f28 to 0.21-a0-618-g6cbd37f
  2959 | D:3      | Reached skill level 1 in Throwing
  3163 | D:3      | Found a glowing drain.
  3169 | D:3      | Reached skill level 4 in Maces & Flails
  3356 | Sewer    | Entered a sewer
  3426 | Sewer    | Noticed a big kobold
  3454 | Sewer    | Killed a big kobold
  3454 | Sewer    | Reached XP level 5. HP: 37/47 MP: 5/5
  3560 | Sewer    | Found a glowing silver altar of Zin.
  3752 | D:3      | Noticed an ogre
  3758 | D:3      | Killed an ogre
  3758 | D:3      | Reached skill level 1 in Stealth
  3758 | D:3      | Reached XP level 6. HP: 14/53 MP: 6/6
  4062 | D:3      | Reached skill level 5 in Maces & Flails
  4307 | D:3      | Was placed under penance by Trog
  4310 | D:3      | Learned a level 2 spell: Call Imp
  5822 | D:4      | Found a sand-covered staircase.
  5847 | D:4      | Found a snail-covered altar of Cheibriados.
  5943 | Ossuary  | Entered an ossuary
  6198 | Ossuary  | Was forgiven by Trog
  6202 | Ossuary  | Your scales start taking on a rich purple colour.
  6202 | Ossuary  | Reached XP level 7. HP: 44/60 MP: 7/7
  6376 | D:4      | Reached skill level 6 in Maces & Flails
  6407 | D:4      | Slain by an ogre

Vault maps used:
D:1:      shiori_shiawase
D:2:      first_ration, uniq_jessica
D:3:      cheibrodos_sewer_entry_drain
D:4:      kennysheep_slug_shrine, nicolae_ossuary_entry_ruins, uniq_edmund
Sewer:    sewer_kobolds
Ossuary:  ossuary_tomb_2

Skill      XL: |  1  2  3  4  5  6  7 |
---------------+----------------------+-----
Dodging        | 3 |  3.9
Fighting       | 4 |  4.8
Throwing       | 1 |  1.8
Maces & Flails | 4 5 6 |  6.0
Stealth        | 1 |  1.4

Action                   |  1- 3 |  4- 6 |  7- 9 || total
-------------------------+-------+-------+-------++-------
Melee: Mace              |    90 |    32 |       ||   122
       Tailslap          |    12 |    22 |     1 ||    35
       Flail             |       |   164 |    26 ||   190
Throw: Tomahawk          |    21 |    16 |       ||    37
       Stone             |     5 |     7 |       ||    12
       Javelin           |       |     4 |     3 ||     7
  Use: Scroll            |       |     6 |       ||     6
       Potion            |       |     3 |     2 ||     5
  Eat: Ration            |     1 |     4 |       ||     5
       Chunk             |     1 |       |       ||     1
Armor: Skin              |    37 |    93 |     4 ||   134
Dodge: Dodged            |    80 |   162 |    13 ||   255

Table legend:
 A = Spawn XP
 B = Non-spawn XP
 C = Spawn XP percentage of total XP
 D = Spawn monster count
 E = Non-spawn monster count
 F = Spawn count percentage of total count
 G = Total turns spent on level
                    A         B        C        D         E        F      G
               +---------+---------+-------+---------+---------+-------+---------
         Total |       0 |     811 |   0.0 |       0 |     113 |   0.0 |  6407
               +---------+---------+-------+---------+---------+-------+---------
           D:1 |       0 |      38 |   0.0 |       0 |      19 |   0.0 |  1972
           D:2 |       0 |      93 |   0.0 |       0 |      27 |   0.0 |   986
           D:3 |       0 |     181 |   0.0 |       0 |      21 |   0.0 |  2381
           D:4 |       0 |      42 |   0.0 |       0 |       4 |   0.0 |   313
         Sewer |       0 |     117 |   0.0 |       0 |       9 |   0.0 |   365
       Ossuary |       0 |     340 |   0.0 |       0 |      33 |   0.0 |   390
               +---------+---------+-------+---------+---------+-------+---------
